| TOP OF THE 1ST |
|
Houston Astros batting - Pitching for Toronto Blue Jays : RHP Justin Sedivy
|
|
Pitching: RHP Justin Sedivy
|
|
|
Batting: LHB Eric Katz
|
0-0: Fly out, F8 (Line Drive, 8RS, EV 96.2 MPH)
|
|
Batting: RHB Danny Merrill
|
0-0: Called Strike 0-1: Ball 1-1: Foul Ball, location: 2F 1-2: Strikes out swinging
|
|
Batting: LHB Jack Christie
|
0-0: Called Strike 0-1: Foul Ball, location: 2F 0-2: Foul Ball, location: 2F 0-2: Strikes out swinging
|
| Top of the 1st over - 0 runs, 0 hits, 0 errors, 0 left on base; Houston 0 - Toronto 0 |
| BOTTOM OF THE 1ST |
|
Toronto Blue Jays batting - Pitching for Houston Astros : RHP Salisbury Swanson
|
|
Pitching: RHP Salisbury Swanson
|
|
|
Batting: RHB Danny Burnside
|
0-0: Ball 1-0: Ground out 4-3 (Groundball, 4, EV 88.1 MPH)
|
|
Batting: RHB Donny Burnside
|
0-0: Ball 1-0: Ball 2-0: Called Strike 2-1: Ground out 5-3 (Groundball, 25, EV 72.5 MPH)
|
|
Batting: SHB Dominik Hasek II
|
0-0: Called Strike 0-1: Ball 1-1: Ball 2-1: Ball 3-1: DOUBLE (Line Drive, 7LD, EV 111.9 MPH)
|
|
Batting: RHB Efrain Vargas
|
0-0: Ball 1-0: Foul Ball, location: 2F 1-1: Called Strike 1-2: Ball 2-2: Foul Ball, location: 2F 2-2: Foul Ball, location: 2F 2-2: Ground out 4-3 (Groundball, 4M, EV 82.5 MPH)
|
| Bottom of the 1st over - 0 runs, 1 hit, 0 errors, 1 left on base; Houston 0 - Toronto 0 |
| TOP OF THE 2ND |
|
Houston Astros batting - Pitching for Toronto Blue Jays : RHP Justin Sedivy
|
|
Batting: RHB Elijah Hunter
|
0-0: Ball 1-0: Ball 2-0: SINGLE (Line Drive, 6M, EV 95.0 MPH)
|
|
Batting: SHB Joe Gardner
|
0-0: Foul Ball, location: 2F 0-1: Ball 1-1: Ball 2-1: Ball 3-1: Swinging Strike 3-2: Base on Balls Elijah Hunter to second
|
|
Batting: RHB Jeremy Trump
|
0-0: Grounds into double play, 4-6-3 (Groundball, 4, EV 91.2 MPH) Elijah Hunter to third
|
|
Batting: LHB Josh Birkner
|
0-0: Ball 1-0: Called Strike 1-1: Called Strike 1-2: SINGLE (Groundball, 3D, EV 97.5 MPH) Elijah Hunter scores
|
|
Batting: RHB Eric Chotkowski
|
0-0: Called Strike 0-1: Ball 1-1: Foul Ball, location: 2F 1-2: Ground out U3 (Groundball, 3S, EV 83.1 MPH)
|
| Top of the 2nd over - 1 run, 2 hits, 0 errors, 1 left on base; Houston 1 - Toronto 0 |
| BOTTOM OF THE 2ND |
|
Toronto Blue Jays batting - Pitching for Houston Astros : RHP Salisbury Swanson
|
|
Batting: SHB Matt Altieri
|
0-0: Ball 1-0: SOLO HOME RUN (Line Drive, 7D, EV 100.0 MPH), Distance : 375 ft
|
|
Batting: LHB Willis Robles
|
0-0: Ball 1-0: Ball 2-0: Ball 3-0: Base on Balls
|
|
Batting: RHB C.J. Richerson
|
0-0: Ball 1-0: Ball 2-0: Swinging Strike 2-1: Ball 3-1: Base on Balls Willis Robles to second
|
|
Batting: LHB Nate Dean
|
0-0: Fielders Choice at 2nd, 5-4 (Groundball, 5, EV 80.0 MPH) Willis Robles to third
|
|
Batting: RHB Ruben Velasco
|
0-0: Ball 1-0: Foul Ball, location: 2F 1-1: Ball 2-1: Foul Ball, location: 2F 2-2: Ball 3-2: SINGLE (Groundball, 6MD, EV 95.0 MPH) Willis Robles scores Nate Dean to second Runner from 2nd tries for 3rd, SAFE, throw by CF made to third
|
|
Batting: RHB Danny Burnside
|
0-0: Ball 1-0: Called Strike 1-1: SINGLE (Groundball, 6MS, EV 68.8 MPH) (infield hit) Nate Dean scores Ruben Velasco to second
|
|
Batting: RHB Donny Burnside
|
0-0: Foul Ball, location: 2F 0-1: Foul Ball, location: 2F 0-2: Foul Ball, location: 2F 0-2: Ball 1-2: Ball 2-2: Strikes out swinging
|
|
Batting: SHB Dominik Hasek II
|
0-0: Ball 1-0: Called Strike 1-1: Swinging Strike 1-2: Strikes out swinging
|
| Bottom of the 2nd over - 3 runs, 3 hits, 0 errors, 2 left on base; Houston 1 - Toronto 3 |
| TOP OF THE 3RD |
|
Houston Astros batting - Pitching for Toronto Blue Jays : RHP Justin Sedivy
|
|
Batting: RHB Mark Marks
|
0-0: Called Strike 0-1: Ball 1-1: Ground out 4-3 (Groundball, 34D, EV 108.1 MPH)
|
|
Batting: LHB Eric Katz
|
0-0: Ball 1-0: Ball 2-0: Swinging Strike 2-1: Ball 3-1: DOUBLE (Line Drive, 7D, EV 91.2 MPH)
|
|
Batting: RHB Danny Merrill
|
0-0: Fly out, F9 (Line Drive, 89D, EV 93.1 MPH)
|
|
Batting: LHB Jack Christie
|
0-0: Ball 1-0: Called Strike 1-1: Ball 2-1: Fly out, F7 (Line Drive, 7S, EV 90.6 MPH)
|
| Top of the 3rd over - 0 runs, 1 hit, 0 errors, 1 left on base; Houston 1 - Toronto 3 |
| BOTTOM OF THE 3RD |
|
Toronto Blue Jays batting - Pitching for Houston Astros : RHP Salisbury Swanson
|
|
Batting: RHB Efrain Vargas
|
0-0: Foul Ball, location: 2F 0-1: Ball 1-1: Swinging Strike 1-2: Ball 2-2: Ball 3-2: Foul Ball, location: 2F 3-2: Foul Ball, location: 2F 3-2: Base on Balls
|
|
Batting: SHB Matt Altieri
|
0-0: Ball 1-0: Ball 2-0: Foul Ball, location: 2F 2-1: Ball 3-1: SINGLE (Groundball, 6MD, EV 98.1 MPH) (infield hit) Efrain Vargas to second
|
|
Batting: LHB Willis Robles
|
0-0: Called Strike 0-1: Ball 1-1: Swinging Strike 1-2: Foul Ball, location: 2F 1-2: Ball 2-2: Ball 3-2: Fly out, F7 (Line Drive, 78M, EV 91.9 MPH)
|
|
Batting: RHB C.J. Richerson
|
0-0: Ball 1-0: Ball 2-0: DOUBLE (Line Drive, 89D, EV 110.6 MPH) Efrain Vargas scores Matt Altieri to third Runner from 3rd tries for Home, throw by CF and OUT! 8-2
|
|
Batting: LHB Nate Dean
|
0-0: Called Strike 0-1: Ball 1-1: Called Strike 1-2: Foul Ball, location: 2F 1-2: Ball 2-2: Ball 3-2: Base on Balls
|
|
Batting: RHB Ruben Velasco
|
0-0: Ball 1-0: Called Strike 1-1: Swinging Strike 1-2: Strikes out swinging
|
| Bottom of the 3rd over - 1 run, 2 hits, 0 errors, 2 left on base; Houston 1 - Toronto 4 |
| TOP OF THE 4TH |
|
Houston Astros batting - Pitching for Toronto Blue Jays : RHP Justin Sedivy
|
|
Batting: RHB Elijah Hunter
|
0-0: Ball 1-0: Ball 2-0: Foul Ball, location: 2F 2-1: Ball 3-1: Called Strike 3-2: Foul Ball, location: 2F 3-2: Strikes out swinging
|
|
Batting: SHB Joe Gardner
|
0-0: Ball 1-0: Called Strike 1-1: SINGLE (Groundball, 4M, EV 96.2 MPH) (infield hit)
|
|
Batting: RHB Jeremy Trump
|
0-0: Fly out, F9 (Flyball, 9S, EV 87.5 MPH)
|
|
Batting: LHB Josh Birkner
|
0-0: Called Strike 0-1: Ground out 4-3 (Groundball, 13, EV 88.1 MPH)
|
| Top of the 4th over - 0 runs, 1 hit, 0 errors, 1 left on base; Houston 1 - Toronto 4 |
| BOTTOM OF THE 4TH |
|
Toronto Blue Jays batting - Pitching for Houston Astros : RHP Salisbury Swanson
|
|
Batting: RHB Danny Burnside
|
0-0: Ball 1-0: SINGLE (Line Drive, 3D, EV 101.2 MPH)
|
|
Batting: RHB Donny Burnside
|
0-0: Called Strike 0-1: Ball 1-1: Fly out, F8 (Flyball, 8LM, EV 88.8 MPH)
|
|
Batting: SHB Dominik Hasek II
|
0-0: Ball 1-0: Foul Ball, location: 2F 1-1: Ball 2-1: Swinging Strike 2-2: Strikes out swinging
|
|
Batting: RHB Efrain Vargas
|
0-0: Called Strike 0-1: Called Strike 0-2: Foul Ball, location: 2F 0-2: 2-RUN HOME RUN (Flyball, 9LD, EV 92.5 MPH), Distance : 356 ft
|
|
Pitching: RHP Dave Thomas
|
|
|
Batting: SHB Matt Altieri
|
0-0: Ball 1-0: SINGLE (Line Drive, 4M, EV 98.8 MPH)
|
|
Batting: LHB Willis Robles
|
0-0: Ball Matt Altieri steals 2nd base 1-0: Ball 2-0: Ball 3-0: Base on Balls
|
|
Batting: RHB C.J. Richerson
|
0-0: Foul Ball, location: 2F 0-1: Ball 1-1: Ball 2-1: Ball 3-1: Foul Ball, location: 2F 3-2: Base on Balls Matt Altieri to third Willis Robles to second
|
|
Batting: LHB Nate Dean
|
0-0: Ball 1-0: Ball 2-0: Ball 3-0: Base on Balls Matt Altieri scores Willis Robles to third C.J. Richerson to second
|
|
Batting: RHB Ruben Velasco
|
0-0: Ball 1-0: Ball Wild Pitch! Willis Robles scores C.J. Richerson to third Nate Dean to second 2-0: SINGLE (Popup, 4D, EV 58.8 MPH) C.J. Richerson scores Nate Dean to third Runner from 3rd tries for Home, SAFE, throw by 2B to home Ruben Velasco to second
|
|
Pitching: RHP Jordan Tejeda
|
|
|
Batting: RHB Danny Burnside
|
0-0: Called Strike 0-1: Swinging Strike 0-2: Ball 1-2: Strikes out looking
|
| Bottom of the 4th over - 6 runs, 4 hits, 0 errors, 1 left on base; Houston 1 - Toronto 10 |
| TOP OF THE 5TH |
|
Houston Astros batting - Pitching for Toronto Blue Jays : RHP Justin Sedivy
|
|
Batting: RHB Eric Chotkowski
|
0-0: Ball 1-0: Foul Ball, location: 2F 1-1: Called Strike 1-2: Foul Ball, location: 2F 1-2: SOLO HOME RUN (Flyball, 7LD, EV 97.5 MPH), Distance : 346 ft
|
|
Batting: RHB Mark Marks
|
0-0: Ball 1-0: Called Strike 1-1: Called Strike 1-2: Strikes out swinging
|
|
Batting: LHB Eric Katz
|
0-0: Ball 1-0: Ball 2-0: Foul Ball, location: 2F 2-1: Ball 3-1: Base on Balls
|
|
Batting: RHB Danny Merrill
|
0-0: Ball 1-0: Ball 2-0: Ball 3-0: Called Strike 3-1: SINGLE (Groundball, 6D, EV 95.0 MPH) Eric Katz to second
|
|
Batting: LHB Jack Christie
|
0-0: SINGLE (Groundball, 5D, EV 104.4 MPH) Eric Katz to third Danny Merrill to second Runner from 3rd tries for Home, throw by LF and OUT! 7-2
|
|
Batting: RHB Elijah Hunter
|
0-0: Ball 1-0: Ball 2-0: Called Strike 2-1: Fielders Choice at 2nd, 6-4 (Groundball, 6, EV 88.1 MPH)
|
| Top of the 5th over - 1 run, 3 hits, 0 errors, 2 left on base; Houston 2 - Toronto 10 |
| BOTTOM OF THE 5TH |
|
Toronto Blue Jays batting - Pitching for Houston Astros : RHP Jordan Tejeda
|
|
Batting: RHB Donny Burnside
|
0-0: Called Strike 0-1: SINGLE (Line Drive, 6M, EV 105.6 MPH)
|
|
Batting: SHB Dominik Hasek II
|
0-0: Ball 1-0: Swinging Strike 1-1: Ball 2-1: Ball 3-1: Called Strike 3-2: Strikes out looking Donny Burnside steals 2nd base Batter strikes out.
|
|
Batting: RHB Efrain Vargas
|
0-0: Fly out, F9 (Line Drive, 9D, EV 90.6 MPH) Runner from 2nd tags up, SAFE at 3rd, no throw by RF
|
|
Batting: SHB Matt Altieri
|
0-0: Foul Ball, location: 2F 0-1: 2-RUN HOME RUN (Line Drive, 9D, EV 99.4 MPH), Distance : 380 ft
|
|
Batting: LHB Willis Robles
|
0-0: Swinging Strike 0-1: Ball 1-1: Ball 2-1: Foul Ball, location: 2F 2-2: Ball 3-2: Foul Ball, location: 2F 3-2: Foul Ball, location: 2F 3-2: SOLO HOME RUN (Flyball, 7D, EV 96.2 MPH), Distance : 380 ft
|
|
Batting: RHB C.J. Richerson
|
0-0: SINGLE (Groundball, 6M, EV 97.5 MPH) (infield hit)
|
|
Batting: LHB Nate Dean
|
0-0: Fly out, F4 (Line Drive, 4, EV 66.9 MPH)
|
| Bottom of the 5th over - 3 runs, 4 hits, 0 errors, 1 left on base; Houston 2 - Toronto 13 |
| TOP OF THE 6TH |
|
Houston Astros batting - Pitching for Toronto Blue Jays : RHP Justin Sedivy
|
|
Batting: SHB Joe Gardner
|
0-0: Called Strike 0-1: Ball 1-1: Foul Ball, location: 2F 1-2: Strikes out swinging
|
|
Batting: RHB Jeremy Trump
|
0-0: Ball 1-0: Ball 2-0: Called Strike 2-1: Swinging Strike 2-2: Ball 3-2: Base on Balls
|
|
Batting: LHB Josh Birkner
|
0-0: Called Strike 0-1: Ground out 6-3 (Groundball, 4D, EV 98.1 MPH) Jeremy Trump to second
|
|
Batting: RHB Eric Chotkowski
|
0-0: Ball 1-0: Ball 2-0: SINGLE (Line Drive, 4D, EV 98.1 MPH) Jeremy Trump to third
|
|
Batting: RHB Mark Marks
|
0-0: Swinging Strike 0-1: Ball 1-1: Foul Ball, location: 2F 1-2: Ground out 5-3 (Groundball, 56S, EV 88.8 MPH)
|
| Top of the 6th over - 0 runs, 1 hit, 0 errors, 2 left on base; Houston 2 - Toronto 13 |
| BOTTOM OF THE 6TH |
|
Toronto Blue Jays batting - Pitching for Houston Astros : RHP Jordan Tejeda
|
|
Batting: RHB Ruben Velasco
|
0-0: Foul Ball, location: 2F 0-1: SOLO HOME RUN (Flyball, 78XD, EV 104.4 MPH), Distance : 403 ft
|
|
Batting: RHB Danny Burnside
|
0-0: Ball 1-0: Ball 2-0: Ball 3-0: Base on Balls
|
|
Batting: RHB Donny Burnside
|
0-0: Swinging Strike 0-1: Ball 1-1: Called Strike 1-2: Grounds into double play, 6-4-3 (Groundball, 6, EV 104.4 MPH)
|
|
Batting: SHB Dominik Hasek II
|
0-0: Ball 1-0: Ground out U3 (Groundball, 34, EV 87.5 MPH)
|
| Bottom of the 6th over - 1 run, 1 hit, 0 errors, 0 left on base; Houston 2 - Toronto 14 |
| TOP OF THE 7TH |
|
Houston Astros batting - Pitching for Toronto Blue Jays : RHP Justin Sedivy
|
|
Batting: LHB Eric Katz
|
0-0: Swinging Strike 0-1: Ball 1-1: Called Strike 1-2: Strikes out swinging
|
|
Pitching: RHP John Brice
|
|
|
Batting: RHB Danny Merrill
|
0-0: Ground out 2-3 (Groundball, 13S, EV 68.1 MPH)
|
|
Batting: LHB Jack Christie
|
0-0: Called Strike 0-1: Swinging Strike 0-2: Foul Ball, location: 2F 0-2: Ball 1-2: Strikes out swinging
|
| Top of the 7th over - 0 runs, 0 hits, 0 errors, 0 left on base; Houston 2 - Toronto 14 |
| BOTTOM OF THE 7TH |
|
Toronto Blue Jays batting - Pitching for Houston Astros : RHP Jordan Tejeda
|
|
Batting: RHB Efrain Vargas
|
0-0: Swinging Strike 0-1: Swinging Strike 0-2: Ball 1-2: Ball 2-2: Strikes out swinging
|
|
Batting: SHB Matt Altieri
|
0-0: Foul Ball, location: 2F 0-1: Ball 1-1: Ball 2-1: Swinging Strike 2-2: Foul Ball, location: 2F 2-2: Foul Ball, location: 2F 2-2: Ball 3-2: Strikes out swinging
|
|
Pitching: RHP Bill Rondeau
|
|
|
Batting: LHB Willis Robles
|
0-0: Called Strike 0-1: Foul Ball, location: 2F 0-2: Ground out 6-3 (Groundball, 6, EV 79.4 MPH)
|
| Bottom of the 7th over - 0 runs, 0 hits, 0 errors, 0 left on base; Houston 2 - Toronto 14 |
| TOP OF THE 8TH |
|
Houston Astros batting - Pitching for Toronto Blue Jays : RHP John Brice
|
|
Batting: RHB Elijah Hunter
|
0-0: Ball 1-0: Swinging Strike 1-1: Ball 2-1: SINGLE (Line Drive, 4MD, EV 99.4 MPH)
|
|
Batting: SHB Joe Gardner
|
0-0: Foul Ball, location: 2F 0-1: Swinging Strike 0-2: Strikes out looking
|
|
Batting: RHB Jeremy Trump
|
0-0: Ball 1-0: Ball 2-0: Called Strike 2-1: Foul Ball, location: 2F 2-2: Ball 3-2: Foul Ball, location: 2F 3-2: Strikes out swinging
|
|
Batting: LHB Josh Birkner
|
0-0: Called Strike 0-1: Called Strike 0-2: Strikes out swinging
|
| Top of the 8th over - 0 runs, 1 hit, 0 errors, 1 left on base; Houston 2 - Toronto 14 |
| BOTTOM OF THE 8TH |
|
Toronto Blue Jays batting - Pitching for Houston Astros : RHP Bill Rondeau
|
|
Batting: RHB C.J. Richerson
|
0-0: SINGLE (Groundball, 6S, EV 68.8 MPH) (infield hit)
|
|
Batting: LHB Nate Dean
|
0-0: Ball 1-0: Foul Ball, location: 2F 1-1: Ball 2-1: Foul Ball, location: 2F 2-2: Ball 3-2: Strikes out looking C.J. Richerson steals 2nd base Batter strikes out.
|
|
Batting: RHB Ruben Velasco
|
0-0: Foul Ball, location: 2F 0-1: Ball 1-1: Ball 2-1: Foul Ball, location: 2F 2-2: Strikes out swinging
|
|
Batting: RHB Danny Burnside
|
0-0: Called Strike 0-1: Called Strike 0-2: Ball 1-2: Fly out, F9 (Flyball, 9S, EV 88.1 MPH)
|
| Bottom of the 8th over - 0 runs, 1 hit, 0 errors, 1 left on base; Houston 2 - Toronto 14 |
| TOP OF THE 9TH |
|
Houston Astros batting - Pitching for Toronto Blue Jays : RHP John Brice
|
|
Batting: RHB Eric Chotkowski
|
0-0: Ball 1-0: SINGLE (Line Drive, 4MD, EV 96.9 MPH)
|
|
Batting: RHB Mark Marks
|
0-0: Ball 1-0: Called Strike 1-1: Foul Ball, location: 2F 1-2: Ball 2-2: Ball 3-2: Fly out, F9 (Flyball, 9LM, EV 96.2 MPH)
|
|
Batting: LHB Eric Katz
|
0-0: Ball 1-0: Foul Ball, location: 2F 1-1: Ball 2-1: Ball 3-1: Foul Ball, location: 2F 3-2: Base on Balls Eric Chotkowski to second
|
|
Batting: RHB Danny Merrill
|
0-0: Ball 1-0: Fly out, F9 (Flyball, 89M, EV 85.0 MPH)
|
|
Pitching: LHP Tim Franco
|
|
|
Batting: LHB Jack Christie
|
0-0: Called Strike 0-1: Ball 1-1: Ball 2-1: Called Strike 2-2: SINGLE (Line Drive, 8LS, EV 93.8 MPH) Eric Chotkowski to third Eric Katz to second
|
|
Batting: RHB Elijah Hunter
|
0-0: Called Strike 0-1: Fielders Choice at 2nd, 5-4 (Groundball, 5L, EV 87.5 MPH)
|
| Top of the 9th over - 0 runs, 2 hits, 0 errors, 3 left on base; Houston 2 - Toronto 14 |
|